 Dungeon Crawl Stone Soup version 0.30-b1-2-g02819fbbbe (webtiles) character file.

Game seed: 16073401761202509697

59 Galthrax the Sneak (level 3, -1/30 HPs)
             Began as a Demigod Brigand on May 20, 2023.
             Slain by a gnoll
             ... wielding a +0 whip
              (7 damage)
             ... on level 2 of the Dungeon.
             The game lasted 00:01:41 (1182 turns).

Galthrax the Sneak (Demigod Brigand)                Turns: 1182, Time: 00:01:42

Health: -1/30      AC:  9    Str: 16    XL:     3   Next: 54%
Magic:  5/5        EV:  7    Int: 13    God:
Gold:   111        SH:  0    Dex: 15    Spells: 2/2 levels left

rFire   . . .        i - +2 dagger (speed)
rCold   . . .        (no shield)
rNeg    . . .        g - +0 chain mail
rPois   .            (no helmet)
rElec   .            c - +0 cloak
rCorr   .            (no gloves)
SInv    .            (no boots)
Will    .....        (no amulet) Stlth
                     (no ring)
HPRegen 0.25/turn    (no ring)
MPRegen 0.09/turn

%: no passive effects
@: no status effects
A: high MP 1, forlorn, divine attributes
a: no special abilities


You were on level 2 of the Dungeon.
You visited 1 branch of the dungeon, and saw 2 of its levels.

You collected 111 gold pieces.


Innate Abilities, Weirdness & Mutations

You have an increased reservoir of magic. (+10% MP)
You shall have no god before yourself.
Your divine heritage dramatically boosts your attributes as you level up.


   Skills:
 + Level 2.4 Fighting
 + Level 2.3 Short Blades
 - Level 1.7 Throwing
 + Level 1.3 Armour
 + Level 1.8 Dodging
 - Level 3.6 Stealth


You had 2 spell levels left.
You didn't know any spells.
Your spell library contained the following spells:

 Spells                   Type           Power      Damage    Failure   Level
 Lesser Beckoning         Tloc           0%         N/A       99%         2
 Gell's Gravitas          Tloc           0%         N/A       100%        3
 Teleport Other           Tloc           0%         N/A       100%        3

Inventory:

Hand Weapons
 i - a +2 dagger of speed (weapon)
   (You took it off a goblin on level 1 of the Dungeon)
Missiles
 a - 3 atropa-tipped darts
 d - 9 poisoned darts (quivered)
 e - 3 curare-tipped darts {=f}
 f - 17 stones
Armour
 c - a +0 cloak (worn)
 g - a +0 chain mail (worn)
   (You found it on level 1 of the Dungeon)
Potions
 h - a potion of brilliance

Dungeon Overview and Level Annotations

Branches:
Dungeon (2/15) Zot: 10837

#.# #..............
#.########...#..........
#..........†....#....##
############.##.......#
#.#....#...###
#.............
.........#...###
####g#############.#.#
......g@.............#
####....g..........#.#
###############.### ###


You could see 3 gnolls.


Message History

😕 HP[-3]
You take 3 damage, and now have 26/29 hp.
You closely miss the adder. The adder bites you.
You are poisoned.
The adder poisons you! 😕 HP[-2]
You take 2 damage, and now have 24/29 hp.
You hit the adder.
You kill the adder!
You feel sick. 😕 HP[-1]
You now have 30 max hp (+1).
No target in view!
No target in view!
You feel sick.
You feel sick.
You feel sick.
You feel sick.
You feel sick.
You feel sick.
You are no longer poisoned.
A quokka comes into view. 😎 HP[+7]
Your hp is fully restored (30).
A quokka is nearby!
The quokka bites you. 😕 HP[-2]
You take 2 damage, and now have 28/30 hp.
You hit the quokka. The quokka completely misses you.
You hit the quokka. The quokka closely misses you.
You hit the quokka but do no damage.
The quokka bites you but does no damage.
You hit the quokka.
You kill the quokka!
No target in view!
You see here a quokka corpse.
A giant cockroach comes into view. 😎 HP[+2]
Your hp is fully restored (30).
A giant cockroach is nearby!
You hit the giant cockroach but do no damage.
The giant cockroach bites you but does no damage.
You hit the giant cockroach but do no damage.
You barely miss the giant cockroach.
The giant cockroach bites you but does no damage.
You hit the giant cockroach.
The giant cockroach bites you but does no damage.
You closely miss the giant cockroach. You hit the giant cockroach.
The giant cockroach barely misses you.
You hit the giant cockroach.
You kill the giant cockroach!
No target in view!
a - 3 atropa-tipped darts A gnoll comes into view.
It is wielding a +0 flail.
The gnoll shouts!
A gnoll comes into view. It is wielding a +0 halberd.
The gnoll shouts!
A gnoll comes into view. It is wielding a +0 whip.
You barely miss the gnoll. The gnoll barely misses you. x2
You hit the gnoll.
The gnoll hits you from afar with a +0 halberd.
The gnoll hits you but does no damage. 😕 HP[-3]
You take 3 damage, and now have 27/30 hp.
You hit the gnoll. You hit the gnoll but do no damage.
The gnoll barely misses you. The gnoll hits you but does no damage.
You barely miss the gnoll. You hit the gnoll.
The gnoll hits you with a +0 flail. The gnoll hits you but does no damage.
The gnoll hits you from afar with a +0 halberd. 😮 HP[-6]
You take 6 damage, and now have 21/30 hp.
You hit the gnoll.
You kill the gnoll!
You barely miss the gnoll. The gnoll barely misses you. 😮 HP[+1]
The gnoll barely misses you. x2
You barely miss the gnoll. The gnoll hits you with a +0 whip.
The gnoll hits you with a +0 halberd. 😮 HP[-3]
You take 3 damage, and now have 19/30 hp.
You closely miss the gnoll. You barely miss the gnoll.
The gnoll hits you with a +0 whip. The gnoll hits you with a +0 halberd.
* * * LOW HITPOINT WARNING * * *
😨 HP[-6]
You take 6 damage, and now have 13/30 hp.
You hit the gnoll. You closely miss the gnoll.
A gnoll comes into view. It is wielding a +0 flail.
The gnoll hits you with a +0 halberd!
* * * LOW HITPOINT WARNING * * *
The gnoll hits you but does no damage. 😱 HP[-7]
You take 7 damage, and now have 6/30 hp.
MASSIVE DAMAGE!! (PAUSE)
You barely miss the gnoll. You punch the gnoll.
The gnoll hits you with a +0 whip!
You die...

Skill      XL: |  1  2 |
---------------+-------+-----
Dodging        | 1 |  1.8
Fighting       | 2 |  2.4
Short Blades   | 2 |  2.3
Armour         | 1 |  1.3
Throwing       | |  1.7
Stealth        | |  3.6

Action                     || total
---------------------------++-------
  Melee: Dagger            ||   134
         Punch             ||     2
    Use: Scroll            ||     1
 Armour: Chain mail        ||    51
         Robe              ||     5
  Dodge: Dodged            ||    44

Levels and vault maps discovered:
D:1:      dpeg_arrival_radiant, layout_basic,
          dreamdust_ecumenical_altar_drowned_temple, solitary_fountain,
          nicolae_figureground_sparkle
D:2:      minmay_recursive_quarters, layout_basic

Notes
Turn   | Place    | Note
-------+----------+-------------------------------------------
     0 | D:1      | Galthrax the Demigod Brigand began the quest for the Orb.
     0 | D:1      | Reached XP level 1. HP: 17/17 MP: 3/3
     0 | D:1      | magus.rc [v1.11.6]
   112 | D:1      | Reached skill level 1 in Dodging
   204 | D:1      | Reached skill level 2 in Fighting
   242 | D:1      | Reached skill level 2 in Short Blades
   288 | D:1      | Reached XP level 2. HP: 10/24 MP: 4/4
   452 | D:1      | You add the spells Lesser Beckoning, Gell's Gravitas and
                  | Teleport Other to your library.
   602 | D:1      | Reached skill level 1 in Armour
   823 | D:1      | Reached XP level 3. HP: 28/29 MP: 5/5
  1181 | D:2      | HP: 6/30 [gnoll/+0 halberd (8)]
  1182 | D:2      | Slain by a gnoll

Vanquished Creatures
  2 gnolls
  An adder (D:2)
  A dart slug (D:1)
  A ball python (D:1)
  2 endoplasms (D:1)
  2 giant cockroaches
  2 goblins (D:1)
  2 hobgoblins (D:1)
  5 kobolds (D:1)
  2 quokkas
  4 bats
  A frilled lizard (D:1)
  3 rats (D:1)
  A spectral hobgoblin (D:1)
29 creatures vanquished.

Table legend:
 A = Non-vault XP
 B = Vault XP
 C = Vault XP percentage of total XP
 D = Non-vault monster count
 E = Vault monster count
 F = Vault count percentage of total count
                 A         B        C        D         E       F
            +---------+---------+-------+---------+---------+-------
      Total |      84 |       1 |   1.2 |      28 |       1 |   3.4
            +---------+---------+-------+---------+---------+-------
        D:1 |      51 |       1 |   1.9 |      23 |       1 |   4.2
        D:2 |      33 |       0 |   0.0 |       5 |       0 |   0.0
            +---------+---------+-------+---------+---------+-------

Skill      XL: |  1  2 |
---------------+-------+-----
Dodging        | 1 |  1.8
Fighting       | 2 |  2.4
Short Blades   | 2 |  2.3
Armour         | 1 |  1.3
Throwing       | |  1.7
Stealth        | |  3.6

Action                     || total
---------------------------++-------
  Melee: Dagger            ||   134
         Punch             ||     2
    Use: Scroll            ||     1
 Armour: Chain mail        ||    51
         Robe              ||     5
  Dodge: Dodged            ||    44

Illustrated notes

Table legend:
 A = Kills in this place as a percentage of kills in the entire game.
 B = Kills by you in this place as a percentage of kills by you in the entire game.
 C = Kills by friends in this place as a percentage of kills by friends in the entire game.
 D = Other kills in this place as a percentage of other kills in the entire game.
 E = Experience gained in this place as a percentage of experience gained in the entire game.
 F = Experience gained in this place divided by the number of levels of this place that you have seen.
                   A       B       C       D       E      F
               +-------+-------+-------+-------+-------+----------------------
         Total | 100.0 | 100.0 |   N/A |   N/A | 100.0 |  42.5
       Dungeon | 100.0 | 100.0 |   N/A |   N/A | 100.0 |  42.5
               +-------+-------+-------+-------+-------+----------------------

Table legend: (Time is in decaauts)
 A = Elapsed time spent in this place.
 B = Non-inter-level travel time spent in this place.
 C = Inter-level travel time spent in this place.
 D = Time resting spent in this place.
 E = Time spent auto-exploring this place.
 F = Levels seen in this place.
 G = Mean time per level.
                   A        B        C        D        E       F      G
               +--------+--------+--------+--------+--------+-----+--------+
         Total |   1161 |   1153 |      8 |      0 |    938 |   2 |  580.5 |
       Dungeon |   1161 |   1153 |      8 |      0 |    938 |   2 |  580.5 |
               +--------+--------+--------+--------+--------+-----+--------+

Top non-repeatable levels by time:
     D:1: 984 daAuts
     D:2: 177 daAuts
